 Dungeon Crawl Stone Soup version 0.30.2 (webtiles) character file.

Game seed: 10317900681805358652

1411 porpoise the Spear-Bearer (level 8, -3/65 HPs)
             Began as a Merfolk Gladiator on Jan 26, 2024.
             Slain by a gnoll sergeant
             ... wielding a +3 vampiric trident
              (4 damage)
             ... on level 5 of the Dungeon.
             The game lasted 00:20:17 (5537 turns).

porpoise the Spear-Bearer (Merfolk Gladiator)       Turns: 5537, Time: 00:20:17

Health: -3/65      AC:  7    Str: 16    XL:     8   Next: 70%
Magic:  8/8        EV: 12    Int:  8    God:
Gold:   140        SH:  0    Dex: 15    Spells: 7/7 levels left

rFire   . . .        a - +0 spear (heavy)
rCold   . . .        (no shield)
rNeg    . . .        p - +0 ring mail
rPois   +            c - +0 helmet
rElec   .            (no cloak)
rCorr   .            o - +0 pair of gloves
SInv    .            (no boots)
Will    .....        (no amulet)
Stlth   ++           B - ring of poison resistance
HPRegen 0.30/turn    (no ring)
MPRegen 0.11/turn

%: no passive effects
@: no status effects
A: (nimble swimmer 2), mertail
a: no special abilities


You were on level 5 of the Dungeon.
You visited 1 branch of the dungeon, and saw 5 of its levels.

You collected 310 gold pieces.
You spent 170 gold pieces at shops.

Inventory:

Hand Weapons
 a - a +0 heavy spear (weapon)
 b - a +0 sling
 w - a +3 dagger of venom
 y - a +0 trident
Missiles
 d - 3 throwing nets
 e - a javelin
 f - 3 poisoned darts (quivered)
 t - 5 atropa-tipped darts
Armour
 c - a +0 helmet (worn)
 o - a +0 pair of gloves (worn)
 p - a +0 ring mail (worn)
Jewellery
 B - a ring of poison resistance (left hand)
Scrolls
 j - a scroll of vulnerability
 n - a scroll of immolation
 r - a scroll of noise {unknown}
 s - a scroll of enchant weapon {unknown}
 u - a scroll of blinking
 z - a scroll of amnesia {unknown}
 A - 2 scrolls of magic mapping
 D - a scroll of poison {unknown}
 F - a scroll of enchant armour {unknown}
 G - a scroll of teleportation {unknown}
 H - 4 scrolls of identify
Potions
 g - 2 potions of mutation
 h - a potion of invisibility
 i - 3 potions of attraction
 k - a potion of might
 m - a potion of brilliance {unknown}
 q - 2 potions of berserk rage {unknown}
 v - 2 potions of flight
 x - 4 potions of curing
 C - a potion of ambrosia {unknown}
 E - a potion of lignification {unknown}


   Skills:
 + Level 6.3 Fighting
 * Level 11.0 Polearms
 - Level 2.0 Throwing
 - Level 4.0 Dodging
 + Level 4.7 Stealth


You had 7 spell levels left.
You didn't know any spells.
Your spell library contained the following spells:

 Spells                   Type           Power      Damage    Failure   Level
 Slow                     Hex            0%         N/A       63%         1
 Confusing Touch          Hex            0%         N/A       94%         3
 Vampiric Draining        Necr           0%         2d6       94%         3
 Vhi's Electric Charge    Tloc/Air       0%         N/A       94%         3
 Arcjolt                  Conj/Air       0%         1d10      100%        5
 Plasma Beam              Fire/Air       0%         2x1d11    100%        6


Dungeon Overview and Level Annotations

Branches:
Dungeon (5/15)
 Temple: D:4-7

Altars:
Ashenzari
Gozag
Uskayaw
Xom
Zin

Shops:
D:3 (   D:5 :*?

Annotations:
D:5 Dowan, Duvessa, Ijyb


Innate Abilities, Weirdness & Mutations

((You are very nimble when in or above water. (Stealth+, EV+, Speed+++)))
Your lower body shifts to a powerful aquatic tail in water.


Message History

The gnoll sergeant completely misses you.
You are held in a net!
You are held in a net!
You tear a large gash into the net.
The gnoll sergeant hits you from afar with a +3 vampiric trident.
You shred the net and break free! The gnoll barely misses you.
The gnoll sergeant hits you from afar with a +3 vampiric trident!
You reach to attack!
You closely miss the gnoll sergeant.
You reach to attack!
The gnoll shouts!
You hit the gnoll sergeant.
The gnoll sergeant is lightly wounded.
The gnoll closely misses you.
The gnoll sergeant hits you from afar with a +3 vampiric trident.
The gnoll sergeant draws strength from your wounds!
You reach to attack!
The gnoll shouts!
You hit the gnoll sergeant.
The gnoll sergeant is moderately wounded.
The gnoll hits you but does no damage. The gnoll sergeant barely misses you.
You reach to attack!
The gnoll sergeant blocks your attack.
The gnoll sergeant is moderately wounded.
The gnoll closely misses you.
The gnoll sergeant hits you from afar with a +3 vampiric trident.
The gnoll sergeant draws strength from your wounds!
You reach to attack!
The gnoll sergeant blocks your attack.
The gnoll sergeant is lightly wounded.
The gnoll hits you from afar with a +0 halberd!
The gnoll sergeant hits you from afar with a +3 vampiric trident.
The gnoll sergeant draws strength from your wounds!
You are too injured to fight recklessly!
As you read the scroll labelled UVANUN LUVA, it crumbles to dust.
Your body is wracked with pain!
* * * LOW HITPOINT WARNING * * *
The gnoll convulses!
The gnoll sergeant convulses!
The gnoll convulses!
It was a scroll of torment.
The gnoll hits you from afar with a +0 halberd!
* * * LOW HITPOINT WARNING * * *
The gnoll sergeant hits you from afar with a +3 vampiric trident.
You die...

.........................
..........................
..###......#..............
#.........##..............
..................#.....
.......∩......#.g.....#.
..........#...##g.......
.......#.......g.....>..
.#######.....@.gg...)..#
#..#.....####.......
#......### #.##.##
#..##...# ## #####...#
#####


You could see a gnoll sergeant and 3 gnolls.

Vanquished Creatures
  Menkaure (D:4)
  2 ogres
  A sky beast (D:4)
  2 scorpions (D:4)
  6 howler monkeys
  5 hounds
  2 iguanas (D:4)
  5 orc wizards
  13 gnolls (D:3)
  6 adders
  2 worms (D:3)
  3 dart slugs
  28 orcs
  8 ball pythons
  12 endoplasms
  2 giant cockroaches
  13 goblins
  9 hobgoblins
  14 jackals
  2 quokkas
  A bat (D:1)
  5 frilled lizards
  9 kobolds
  8 rats
159 creatures vanquished.

Notes
Turn   | Place    | Note
-------+----------+-------------------------------------------
     0 | D:1      | porpoise the Merfolk Gladiator began the quest for the Orb.
     0 | D:1      | Reached XP level 1. HP: 16/16 MP: 1/1
   341 | D:1      | Reached XP level 2. HP: 23/23 MP: 2/2
   621 | D:1      | Reached skill level 5 in Polearms
   629 | D:1      | Reached XP level 3. HP: 22/28 MP: 3/3
  1412 | D:2      | Reached XP level 4. HP: 35/35 MP: 4/4
  1681 | D:2      | Found a hide-covered altar of Uskayaw.
  1826 | D:2      | Reached skill level 6 in Polearms
  2543 | D:3      | Found a glowing silver altar of Zin.
  2543 | D:3      | Found a broken altar of Ashenzari.
  2558 | D:3      | Found Gauket's Antique Weapon Boutique.
  2623 | D:3      | Reached XP level 5. HP: 39/41 MP: 5/5
  2737 | D:3      | Reached skill level 7 in Polearms
  2761 | D:3      | Reached XP level 6. HP: 48/48 MP: 6/6
  3259 | D:3      | Reached skill level 8 in Polearms
  3277 | D:3      | Reached skill level 1 in Stealth
  3286 | D:3      | Reached XP level 7. HP: 43/55 MP: 7/7
  3500 | D:3      | Reached skill level 5 in Fighting
  3517 | D:3      | Reached skill level 9 in Polearms
  4112 | D:3      | Found an opulent altar of Gozag.
  4262 | D:4      | Reached XP level 8. HP: 50/63 MP: 8/8
  4569 | D:4      | Reached skill level 10 in Polearms
  4750 | D:4      | Found a shimmering altar of Xom.
  5000 | D:5      | Entered Level 5 of the Dungeon
  5000 | D:5      | Noticed Ijyb
  5000 | D:5      | Found Atao's Book Emporium.
  5050 | D:5      | Noticed Menkaure
  5050 | D:5      | Noticed Duvessa
  5050 | D:5      | Found Verhot's Assorted Antiques.
  5064 | D:4      | Killed Menkaure
  5203 | D:5      | Noticed Dowan
  5329 | D:5      | Found Gaapn's Magic Scroll Shoppe.
  5398 | D:5      | Reached skill level 11 in Polearms
  5467 | D:5      | Bought a scroll of identify for 22 gold pieces
  5467 | D:5      | Bought a scroll of identify for 22 gold pieces
  5467 | D:5      | Bought a scroll of magic mapping for 82 gold pieces
  5467 | D:5      | Bought a scroll of identify for 22 gold pieces
  5467 | D:5      | Bought a scroll of identify for 22 gold pieces
  5537 | D:5      | HP: 1/65 [gnoll/+0 halberd[a gnoll sergeant] (12)]
  5537 | D:5      | Slain by a gnoll sergeant

Illustrated notes

Levels and vault maps discovered:
D:1:      minmay_arrival_loop, layout_basic, minmay_tromino_v4_a
D:2:      layout_basic, basic_altar, minmay_goblin_outpost
D:3:      lemuel_castle_with_subvaults [lemuel_castle_interior_carwin_2],
          layout_loops_cross, nicolae_overflow_hidden_temple,
          nicolae_overflow_two_pavilions, serial_shops,
          nicolae_shop_temple_entry_statues_fountains, minmay_misc_feat_room
D:4:      layout_gridville, mainiacjoe_overflow_alcove_4, nrook_campfire,
          kennysheep_flooded_box
D:5:      layout_cave_pools, nicolae_qazlal_eye_of_the_storm,
          serial_column_ruins, column_ruins_open_tiny, column_ruins_grid_1,
          column_ruins_grid_3, column_ruins_columns_straight,
          column_ruins_corridor_corner, column_ruins_open_tiny,
          column_ruins_grid_1, serial_shops, nicolae_shop_tiny_waterfront, shop,
          shop, uniq_ijyb, uniq_menkaure, uniq_duvessa

Skill      XL: |  1  2  3  4  5  6  7  8 |
---------------+-------------------------+-----
Polearms       | 5 6 7 8 9 11 | 11.0
Fighting       | 3 4 5 6 |  6.3
Stealth        | 1 3 4 |  4.7
Throwing       | |  2.0
Dodging        | |  4.0

Action                     |  1- 3 |  4- 6 |  7- 9 || total
---------------------------+-------+-------+-------++-------
  Melee: Trident           |   108 |   147 |       ||   255
         Punch             |     1 |     1 |     2 ||     4
         Dagger            |       |     1 |       ||     1
         Tailslap          |       |     5 |       ||     5
         Spear             |       |    52 |   247 ||   299
   Fire: Sling             |       |     5 |     5 ||    10
  Throw: Dart              |       |     2 |       ||     2
    Use: Scroll            |       |     7 |     4 ||    11
         Potion            |       |       |     2 ||     2
   Stab: Sleeping          |     4 |     1 |     5 ||    10
         Distracted        |       |       |     1 ||     1
 Armour: Leather armour    |    12 |       |       ||    12
         Ring mail         |     7 |    39 |    80 ||   126
  Dodge: Dodged            |    59 |    79 |   143 ||   281
